 Dungeon Crawl Stone Soup version 0.25-a0-578-gc91f01c (webtiles) character file.

Game seed: 8729363189224957831, levelgen mode: deterministic

143424 DrEnzyme the Eclecticist (level 16, 0/70 HPs)
             Began as a Spriggan Wanderer on Feb 24, 2020.
             Was an Initiate of Gozag.
             Shot with an arrow by Nessos (19 damage)
             ... on level 14 of the Dungeon on Mar 5, 2020.
             The game lasted 03:01:15 (50545 turns).

DrEnzyme the Eclecticist (Spriggan Wanderer)       Turns: 50545, Time: 03:01:16

Health: 0/70       AC:  7    Str: 12    XL:     16   Next: 53%
Magic:  26/39      EV: 33    Int: 18    God:    Gozag
Gold:   4937       SH: 17    Dex: 22    Spells: 26/52 levels left

rFire    . . .     SeeInvis +   X - +7 short sword "Gutrefed" {venom, Dex+8}
rCold    . . .     Gourm    .   E - +3 warlock's mirror {reflect}
rNeg     + . .     Faith    .   m - +2 robe {MR+}
rPois    +         Spirit   .   (helmet restricted)
rElec    +         Reflect  +   M - +2 cloak {+Inv}
rCorr    .         Harm     .   (gloves unavailable)
MR       +++..                  (boots unavailable)
Stlth    ++++++....             t - +6 amulet of reflection
HPRegen  0.21/turn              y - ring of poison resistance
MPRegen  0.26/turn              J - ring "Esataa" {Wiz rElec rN+}

@: lethally poisoned (0 -> -22), very quick
A: very small, unfitting armour, see invisible, herbivore, speed 3, slow
metabolism 2
}: 1/15 runes: gossamer
a: Potion Petition, Call Merchant, Bribe Branch, Renounce Religion, Evoke
Invisibility


You were on level 14 of the Dungeon.
You worshipped Gozag.
Gozag was most pleased with you.
You were not hungry.

You visited 6 branches of the dungeon, and saw 29 of its levels.

You collected 9841 gold pieces.
You spent 4039 gold pieces at shops.
You paid 865 gold pieces to Gozag.

Inventory:

Hand Weapons
 i - the +6 dagger "Ydukawke" {speed, rPois MR++}
   (You found it on level 1 of the Spider Nest)

   Attacks with this weapon are significantly faster.
   It protects you from poison.
   It affects your resistance to hostile enchantments.
 X - the +7 short sword "Gutrefed" (weapon) {venom, Dex+8}
   (You found it on level 7 of the Dungeon)

   It poisons the flesh of those it strikes.
   It affects your dexterity (+8).
Missiles
 d - 13 curare-tipped darts (quivered)
Armour
 m - a +2 robe of magic resistance (worn)
 E - the +3 warlock's mirror (worn) {reflect}
   (You found it on level 10 of the Dungeon)
 M - a +2 cloak of invisibility (worn)
 V - the +1 cloak of Indemnity {rN+ Str-4 Dex+4}
   (You found it on level 7 of the Dungeon)

   It affects your strength (-4).
   It affects your dexterity (+4).
   It protects you from negative energy.
   If you switch to wearing this armour, your AC will decrease by 1 (7 -> 6).
Jewellery
 t - a +6 amulet of reflection (around neck)
 v - an uncursed ring of protection from cold
 y - a ring of poison resistance (left hand)
 A - a cursed -3 ring of intelligence {unknown}
 B - an uncursed ring of resist corrosion
 J - the ring "Esataa" (right hand) {Wiz rElec rN+}
   (You bought it in a shop on level 7 of the Dungeon)

   [ring of wizardry]

   It improves your spell success rate.
   It insulates you from electricity.
   It protects you from negative energy.
 Q - an uncursed ring of flight
Wands
 c - a wand of polymorph (34)
 l - a wand of enslavement (7)
 O - a wand of paralysis (11)
 P - a wand of disintegration (11)
 R - a wand of clouds (14)
Scrolls
 b - 2 scrolls of fog
 g - 19 scrolls of teleportation
 h - 13 scrolls of remove curse
 p - 6 scrolls of amnesia
 w - 3 scrolls of blinking
 x - a scroll of enchant weapon
 F - a scroll of fear
 G - a scroll of enchant armour
 Y - a scroll of brand weapon
 Z - 3 scrolls of summoning
Potions
 a - 5 potions of ambrosia
 e - 2 potions of heal wounds
 j - a potion of stabbing
 n - a potion of resistance {unknown}
 o - 7 potions of might
 r - 14 potions of curing
 s - 5 potions of brilliance
 u - 5 potions of magic
 z - a potion of cancellation {unknown}
 C - 3 potions of mutation
 D - a potion of berserk rage {unknown}
 H - 8 potions of haste
Miscellaneous
 k - a lightning rod (4/4)
 q - a phial of floods
 K - a lamp of fire
Comestibles
 f - 21 rations


   Skills:
 + Level 2.3 Fighting
 * Level 12.5 Short Blades
 - Level 1.0 Throwing
 + Level 15.4 Dodging
 + Level 15.1 Stealth
 - Level 4.0 Shields
 * Level 18.7 Spellcasting
 + Level 7.8 Hexes
 - Level 1.0 Summonings
 - Level 4.1 Translocations
 * Level 7.6 Transmutations
 + Level 12.0 Air Magic
 - Level 2.8 Poison Magic
 - Level 3.3 Evocations


You had 26 spell levels left.
You knew the following spells:

 Your Spells              Type           Power        Failure   Level  Hunger
a - Airstrike             Air            ######....   1%          4    None
b - Sting                 Tmut/Pois      ####         1%          1    None
c - Blink                 Tloc           N/A          1%          2    None
f - Summon Lightning Spi  Summ/Air       #####...     1%          4    None
g - Starburst             Conj/Fire      ###.......   91%         6    #####..
h - Summon Mana Viper     Hex/Summ       ####....     8%          5    ###....
i - Petrify               Tmut/Erth      ####....     3%          4    None

Your spell library contained the following spells:

 Spells                   Type           Power        Failure   Level  Hunger
 Corona                   Hex            #####..      1%          1    None
 Freeze                   Ice            ###.         1%          1    None
 Magic Dart               Conj           ###.         1%          1    None
 Shock                    Conj/Air       ####         1%          1    None
 Summon Small Mammal      Summ           ###.         1%          1    None
 Call Imp                 Summ           ###.....     1%          2    None
 Ensorcelled Hibernation  Hex/Ice        ####..       1%          2    None
 Slow                     Hex            #####...     1%          2    None
 Swiftness                Chrm/Air       #####...     1%          2    None
 Confusing Touch          Hex            #####...     1%          3    None
 Gell's Gravitas          Tloc           ####......   1%          3    None
 Ignite Poison            Fire/Tmut/Pois ####....     1%          3    None
 Inner Flame              Hex/Fire       ####....     1%          3    None
 Mephitic Cloud           Conj/Pois/Air  ####....     1%          3    None
 Portal Projectile        Hex/Tloc       #####.       1%          3    None
 Recall                   Summ/Tloc      N/A          1%          3    None
 Spider Form              Tmut/Pois      #####.....   1%          3    None
 Static Discharge         Conj/Air       #####...     1%          3    None
 Summon Guardian Golem    Hex/Summ       ####....     1%          3    None
 Cause Fear               Hex            #####.....   1%          4    None
 Yara's Violent Unravell  Hex/Tmut       #####.....   1%          5    ###....
 Call Canine Familiar     Summ           ###.....     3%          3    None
 Leda's Liquefaction      Hex/Erth       ####......   3%          4    None
 Conjure Flame            Conj/Fire      ###.....     4%          3    None
 Stone Arrow              Conj/Erth      ###...       4%          3    None
 Lightning Bolt           Conj/Air       #####.....   4%          5    ###....
 Irradiate                Conj/Tmut      ####......   9%          5    ###....
 Metabolic Englaciation   Hex/Ice        ####......   9%          5    ###....
 Darkness                 Hex            #####.....   10%         6    #####..
 Summon Ice Beast         Ice/Summ       ###.....     13%         4    None
 Summon Forest            Summ/Tloc      ####......   16%         5    ###....
 Aura of Abjuration       Summ           ###.......   28%         5    ###....
 Summon Demon             Summ           ###.......   28%         5    ###....
 Fireball                 Conj/Fire      ###.......   38%         5    ###....
 Shadow Creatures         Summ           N/A          82%         6    #####..
 Iron Shot                Conj/Erth      ###.......   91%         6    #####..
 Discord                  Hex            #####.....   98%         8    #######
 Haunt                    Necr/Summ      ###.......   100%        7    ######.
 Ring of Flames           Chrm/Fire      ###.......   100%        7    ######.
 Borgnjor's Revivificati  Necr           ###.......   100%        8    #######
 Death's Door             Chrm/Necr      ###.......   100%        8    #######
 Ignition                 Fire           ###.......   100%        8    #######
 Infestation              Necr           ###.......   100%        8    #######
 Necromutation            Tmut/Necr      ####......   100%        8    #######


Dungeon Overview and Level Annotations

Branches:
Dungeon (14/15)            Temple (1/1) D:4            Lair (6/6) D:11
  Swamp (2/4) Lair:4       Spider (4/4) Lair:3        Slime (0/5) Lair:6
    Orc (2/2) D:9             Elf (0/3) Orc:2
 Vaults: D:13-14

Altars:
Ashenzari
Cheibriados
Dithmenos
Elyvilon
Fedhas
Gozag
Hepliaklqana
Kikubaaqudgha
Makhleb
Nemelex Xobeh
Okawaru
Qazlal
Ru
Sif Muna
Trog
Uskayaw
Vehumet
Wu Jian
Xom
Yredelemnul
Zin
The Shining One
Beogh
Jiyva

Shops:
D:7 =   D:8 }   D:9 =   D:10 }   D:11 [   D:13 %   Orc:2 !:*[!

Annotations:
D:4 1 runed translucent door, Crazy Yiuf
D:14 exclusion: 3 doors, Nessos
Lair:3 3 runed translucent doors, exclusions: 2 doors and downstairs, jonnos's ghost, journeyman MiFi
Lair:4 Snorg
Orc:1 1 exclusion


Innate Abilities, Weirdness & Mutations

You are very small and have problems with some larger weapons.
You are too small for most types of armour.
You have supernaturally acute eyesight. (SInv)
You are a herbivore.
You cover ground extremely quickly.
You need to consume almost no food.


Message History

You see here an arrow.
Your lightning spire shoots out a bolt of lightning at Nessos!
The bolt of electricity hits Nessos!
Nessos gestures wildly while chanting.
Nessos seems to speed up.
Casting: Summon Lightning Spire (safe; 1% risk of failure)
Confirm with . or Enter, or press ? or * to list all spells.
A mana viper appears with a sibilant hiss.
Nessos zaps a wand.
The bolt of acid misses you.
Your lightning spire shoots out a bolt of lightning at Nessos!
The bolt of electricity hits Nessos!
Casting: Summon Mana Viper (safe; 8% risk of failure)
Confirm with . or Enter, or press ? or * to list all spells.
A mana viper appears with a sibilant hiss.
Nessos shoots an arrow.
The arrow hits you! The arrow burns you.
You are poisoned.
* * * LOW HITPOINT WARNING * * *
Nessos shoots an arrow.
The arrow hits you!!
You die...
Your body crumbles into a pile of gold.

...# #....# ....#
.....# ....#
#########...#
..(.....#...# ###
....c.S.S8..####...
.......@#..........
........#.(...........
........#.............
#########.............
.........(.>........(
....................
....(............######
.......).........+.....
##...............#.....


You could see Nessos, 2 friendly mana vipers and a friendly lightning spire.

Vanquished Creatures
  Jorgrun (D:12)
  A thorn hunter (Swamp:1)
  4 ghost moths
  An emperor scorpion (Spider:3)
  5 entropy weavers
  2 spark wasps (Spider:4)
  2 ettins
  Josephine (Swamp:1)
  An ice dragon (D:12)
  Fannar (Orc:1)
  Harold (D:7)
  Erolcha (D:10)
  5 hydras
  2 centaur warriors
  3 two-headed ogres
  A shambling mangrove (Swamp:1)
  An anaconda (Lair:6)
  2 alligators (Swamp:1)
  2 ogre magi (Orc:2)
  Urug (D:10)
  Sonja (D:10)
  A spriggan (Swamp:1)
  An unseen horror (D:14)
  2 deep trolls (Orc:2)
  9 wizards (D:10)
  Pikel (D:9)
  2 deep elf magi (D:12)
  12 orb spiders
  An orc sorcerer (Orc:1)
  2 ugly things
  21 wolf spiders
  3 cyclopes
  Maurice (D:9)
  A manticore (D:13)
  4 moths of wrath
  A black mamba (shapeshifter) (D:14)
  8 spiny frogs
  Psyche (D:11)
  2 torpor snails
  2 rime drakes
  A kobold demonologist (D:13)
  2 centaur skeletons
  3 demonic crawlers
  4 komodo dragons
  2 tyrant leeches (Swamp:1)
  9 trolls
  The ghost of NeededCrab the Firebug, an amateur DrFE (D:4)
  8 hornets
  29 jumping spiders
  A polar bear (Lair:6)
  17 blink frogs
  10 hippogriffs
  6 dream sheep
  3 bog bodies (Swamp:1)
  Sigmund (D:4)
  A shadow (D:13)
  60 redbacks
  14 tarantellas
  40 yaks
  4 wyverns
  2 wraiths
  Eustachio (D:6)
  A hog (D:13)
  4 humans (D:14)
  A basilisk (Lair:3)
  A steam dragon (D:11)
  9 vampire mosquitoes
  Edmund (D:6)
  7 soldier ants
  7 swamp worms
  2 wargs (Orc:2)
  An acid dragon (D:13)
  4 water moccasins
  A porcupine (Lair:1)
  15 orc warriors
  A black bear (D:7)
  5 ice beasts
  A hornet zombie (D:13)
  A swamp drake (Swamp:1)
  An eye of draining (D:12)
  A sky beast (D:7)
  4 phantoms
  9 wolves
  10 ogres
  9 centaurs
  12 crocodiles
  3 big kobolds
  Blork the orc (D:4)
  A gnoll sergeant (D:8)
  23 bullfrogs
  A water moccasin zombie (D:9)
  9 killer bees
  A scorpion (D:7)
  2 wights
  6 howler monkeys
  8 electric eels
  6 crimson imps
  3 centaur zombies
  3 jellies
  2 bullfrog skeletons
  8 orc priests
  12 orc wizards
  4 hounds
  12 iguanas
  27 worker ants
  A hound skeleton (D:7)
  7 gnolls
  11 adders
  A howler monkey skeleton (D:7)
  A shadow imp (D:10)
  3 oozes
  An adder zombie (D:9)
  An adder skeleton (D:5)
  2 worms
  2 dart slugs
  5 leopard geckos
  55 orcs
  3 ball pythons
  8 giant cockroaches
  8 hobgoblins
  10 jackals
  19 kobolds
  6 quokkas
  13 bats
  9 frilled lizards
  10 goblins
  A leopard gecko skeleton (D:8)
  A quokka skeleton (D:8)
  7 rats
  A bush (Lair:6)
  3 fungi
  4 plants
766 creatures vanquished.

Vanquished Creatures (collateral kills)
  Rupert (D:12)
  Agnes (D:14)
  2 emperor scorpions (Spider:4)
  4 entropy weavers
  2 ettins (Orc:2)
  2 hydras
  A queen ant (Spider:1)
  4 two-headed ogres (Orc:2)
  2 alligators (Lair:4)
  4 wolf spiders
  A cyclops (Orc:2)
  An elephant (D:11)
  An ugly thing (D:11)
  A black mamba (Lair:4)
  2 spiny frogs (Lair:4)
  3 komodo dragons
  3 trolls
  3 polar bears (D:12)
  6 jumping spiders
  2 blink frogs
  5 dream sheep (Lair:6)
  5 redbacks (Spider:4)
  3 tarantellas
  A human (D:13)
  13 yaks
  A basilisk (D:11)
  A hog (D:13)
  4 wraiths (Swamp:1)
  4 vampire mosquitoes
  4 soldier ants (Spider:1)
  A warg (Orc:2)
  A swamp worm (Swamp:1)
  2 water moccasins
  2 orc warriors (Orc:2)
  An ice beast (D:14)
  4 wolves
  2 centaurs
  11 ogres
  A crocodile (Lair:1)
  A big kobold (D:11)
  A bullfrog (D:12)
  A wyvern skeleton (D:7)
  2 killer bees (D:7)
  A wight (D:12)
  A crimson imp (D:9)
  A quasit (D:10)
  A bullfrog skeleton (D:9)
  3 orc priests
  A centaur skeleton (D:9)
  2 orc wizards (Orc:2)
  2 worker ants (Spider:1)
  A hound zombie (D:5)
  A howler monkey skeleton (D:9)
  An adder (D:7)
  3 shadow imps
  9 orcs
  A giant cockroach (D:7)
  4 kobolds (D:11)
149 creatures vanquished.

Vanquished Creatures (others)
  A cyclops (D:14)
  5 centaurs
  A big kobold (D:9)
  2 jellies (D:9)
  An orc wizard (D:7)
  A worker ant (D:9)
  An orc (D:7)
  5 kobolds
  8 fungi
  9 plants
34 creatures vanquished.

Grand Total: 949 creatures vanquished

Notes
Turn   | Place    | Note
-------+----------+-------------------------------------------
     0 | D:1      | DrEnzyme the Spriggan Wanderer began the quest for the Orb.
     0 | D:1      | DrEnzyme set off with the following items: a +0 dagger, a
                  | +0 robe, a ration; and the following spells available to
                  | memorise: Shock, Magic Dart, Sting, Call Imp, Blink, Slow,
                  | Static Discharge, Mephitic Cloud, Conjure Flame, Spider
                  | Form
     0 | D:1      | Reached XP level 1. HP: 9/9 MP: 7/7
     2 | D:1      | Learned a level 1 spell: Magic Dart
     4 | D:1      | Learned a level 1 spell: Sting
   463 | D:1      | Reached XP level 2. HP: 13/13 MP: 4/9
   842 | D:1      | Reached skill level 1 in Dodging
   880 | D:1      | Learned a level 2 spell: Blink
   883 | D:1      | Learned a level 2 spell: Call Imp
  1179 | D:1      | Reached skill level 6 in Spellcasting
  1448 | D:1      | Reached XP level 3. HP: 15/16 MP: 11/11
  2267 | D:2      | Reached XP level 4. HP: 16/21 MP: 9/13
  3707 | D:3      | Found an iron altar of Okawaru.
  3787 | D:3      | Found a stormy altar of Qazlal.
  3787 | D:3      | Found an ornate altar of the Wu Jian Council.
  3787 | D:3      | Found a glowing silver altar of Zin.
  3861 | D:3      | Found a shimmering altar of Xom.
  4087 | D:3      | Reached XP level 5. HP: 24/24 MP: 10/15
  4150 | D:3      | Reached skill level 1 in Poison Magic
  4743 | D:4      | Reached skill level 7 in Spellcasting
  4969 | D:4      | Found a runed translucent door.
  4970 | D:4      | Noticed Crazy Yiuf
  5036 | D:4      | Found a runed translucent door.
  5038 | D:4      | Noticed NeededCrab's ghost (amateur DrFE)
  5039 | D:4      | Noticed Sigmund
  5099 | D:4      | Found a staircase to the Ecumenical Temple.
  5099 | D:4      | Noticed Blork the orc
  5121 | D:4      | Killed Blork the orc
  5121 | D:4      | Reached XP level 6. HP: 20/28 MP: 14/17
  5156 | Temple   | Entered the Ecumenical Temple
  5798 | D:5      | Entered Level 5 of the Dungeon
  5862 | D:5      | Learned a level 3 spell: Mephitic Cloud
  6025 | D:4      | Reached skill level 1 in Short Blades
  6200 | D:5      | Found an opulent altar of Gozag.
  6203 | D:5      | Became a worshipper of Gozag Ym Sagoz the Greedy
  6246 | D:5      | Reached skill level 5 in Stealth
  6246 | D:5      | Reached skill level 8 in Spellcasting
  6246 | D:5      | Reached XP level 7. HP: 32/32 MP: 14/19
  6828 | D:6      | Noticed Edmund
  6893 | D:6      | Killed Edmund
  6893 | D:6      | Reached skill level 5 in Dodging
  7078 | D:6      | Learned a level 4 spell: Airstrike
  7154 | D:6      | Noticed Eustachio
  7171 | D:6      | Killed Eustachio
  7405 | D:7      | Reached XP level 8. HP: 36/36 MP: 16/21
  7441 | D:7      | Reached skill level 9 in Spellcasting
  7480 | D:7      | Found a hazy altar of Hepliaklqana.
  8120 | D:7      | Got a twitching turquoise ring
  8148 | D:7      | Identified the ring of Propriety {Wiz rElec rN+ Dex+3
                  | Slay-6} (You found it on level 7 of the Dungeon)
  8151 | D:7      | Noticed a red ugly thing
  8548 | D:7      | Found Odafuad's Jewellery Emporium.
  8635 | D:7      | Bought the ring "Esataa" {Wiz rElec rN+} for 530 gold
                  | pieces
  8746 | D:7      | Reached skill level 10 in Spellcasting
  9729 | D:8      | Reached XP level 9. HP: 39/39 MP: 12/24
 10513 | D:8      | Found a blossoming altar of Fedhas.
 10680 | D:8      | Noticed a two-headed ogre
 10748 | D:8      | Killed a two-headed ogre
 10748 | D:8      | Reached skill level 11 in Spellcasting
 10846 | D:8      | Found Cepnovu's Gadget Boutique.
 10886 | D:8      | Bought a lamp of fire for 440 gold pieces
 10992 | D:9      | Noticed Maurice
 11001 | D:9      | Killed Maurice
 11001 | D:9      | Reached skill level 5 in Short Blades
 11177 | D:9      | Found a staircase to the Orcish Mines.
 11191 | D:9      | Reached XP level 10. HP: 44/44 MP: 12/26
 11200 | D:9      | Reached skill level 12 in Spellcasting
 11228 | D:8      | Reached skill level 5 in Air Magic
 11412 | D:9      | Found Boimmeasm's Jewellery Shop.
 11500 | D:9      | Noticed Pikel
 11647 | D:9      | Killed Pikel
 11851 | D:9      | Reached skill level 10 in Stealth
 12521 | D:10     | Entered Level 10 of the Dungeon
 12554 | D:10     | Noticed Urug
 12555 | D:10     | Noticed Erolcha
 12576 | D:10     | Killed Erolcha
 12985 | D:10     | Reached skill level 13 in Spellcasting
 12986 | D:10     | Noticed a wizard
 13147 | D:10     | Killed Urug
 13459 | D:10     | Noticed a wizard
 13469 | D:10     | Killed a wizard
 13469 | D:10     | Reached XP level 11. HP: 45/47 MP: 9/29
 13484 | D:10     | Noticed Sonja
 13575 | D:10     | Killed Sonja
 13955 | D:10     | Learned a level 4 spell: Summon Lightning Spire
 14025 | D:10     | Noticed a wizard
 14026 | D:10     | Found the +3 warlock's mirror {reflect}
 14075 | D:10     | Killed a wizard
 14500 | D:10     | Found Nyneh's Gadget Shoppe.
 14788 | D:11     | Found a staircase to the Lair.
 14803 | D:11     | Reached skill level 10 in Dodging
 15087 | D:11     | Noticed an eight-headed hydra
 15103 | D:11     | Killed an eight-headed hydra
 15363 | D:11     | Noticed Psyche
 15363 | D:11     | Noticed a white ugly thing
 15406 | D:11     | Killed Psyche
 15406 | D:11     | Reached skill level 14 in Spellcasting
 15416 | D:11     | Killed a white ugly thing
 15681 | D:11     | Noticed a green ugly thing
 15688 | D:11     | Killed a green ugly thing
 15771 | Lair:1   | Entered Level 1 of the Lair of Beasts
 16421 | Lair:1   | Identified the Grimoire of Cold and Confrontation
 17137 | Lair:2   | Reached skill level 1 in Transmutations
 17580 | Lair:2   | Reached XP level 12. HP: 51/51 MP: 20/31
 17774 | Lair:2   | Found a hazy altar of Hepliaklqana.
 18308 | D:10     | Reached skill level 1 in Shields
 18999 | Lair:3   | Found a runed translucent gate.
 18999 | Lair:3   | Found a runed translucent gate.
 19381 | D:7      | Noticed Harold
 19416 | D:7      | Killed Harold
 20338 | D:7      | Identified the Guide on Earth and Malediction
 20341 | D:7      | Got a brightly glowing cloak
 20346 | D:7      | Got a bone dagger
 20349 | D:7      | Got a bloodstained short sword
 20360 | D:7      | Identified the +1 cloak of Indemnity {rN+ Str-4 Dex+4} (You
                  | found it on level 7 of the Dungeon)
 20361 | D:7      | Identified the +6 dagger of the Spectre {protect, rN+} (You
                  | found it on level 7 of the Dungeon)
 20363 | D:7      | Identified the +7 short sword "Gutrefed" {venom, Dex+8}
                  | (You found it on level 7 of the Dungeon)
 20522 | D:4      | Killed Sigmund
 20551 | D:4      | Reached skill level 15 in Spellcasting
 20579 | D:4      | Killed NeededCrab's ghost
 20882 | Lair:3   | Noticed a four-headed hydra
 21014 | Lair:3   | Killed a four-headed hydra
 21261 | Lair:3   | Found a hole to the Spider Nest.
 21622 | Lair:3   | Found a runed translucent gate.
 21627 | Lair:3   | Noticed jonnos's ghost (journeyman MiFi)
 22161 | Lair:3   | Upgraded the game from 0.25-a0-558-g78a2afb to
                  | 0.25-a0-578-gc91f01c
 22860 | Lair:4   | Noticed Snorg
 23132 | Lair:4   | Reached XP level 13. HP: 55/55 MP: 3/33
 23332 | Lair:4   | Reached skill level 5 in Transmutations
 24022 | Lair:4   | Found a staircase to the Swamp.
 25417 | Lair:5   | Identified the +1 robe of the Cicada {rC+} (You found it on
                  | level 5 of the Lair of Beasts)
 25520 | Lair:6   | Entered Level 6 of the Lair of Beasts
 25955 | Lair:6   | Found a viscous altar of Jiyva.
 25955 | Lair:6   | Found a staircase to the Slime Pits.
 26507 | Lair:6   | HP: 1/55 [dream sheep (24)]
 27381 | Lair:6   | Noticed a dire elephant
 27381 | Lair:6   | Noticed a dire elephant
 27412 | Lair:6   | Learned a level 6 spell: Starburst
 27534 | Spider:1 | Entered Level 1 of the Spider Nest
 27567 | Spider:1 | Noticed an entropy weaver
 27596 | Spider:1 | Killed an entropy weaver
 28034 | Spider:1 | Reached skill level 16 in Spellcasting
 28075 | Spider:1 | Reached skill level 10 in Short Blades
 28315 | Spider:1 | Reached skill level 1 in Evocations
 28936 | Spider:1 | Reached XP level 14. HP: 59/59 MP: 14/35
 29034 | Spider:1 | Noticed an entropy weaver
 29034 | Spider:1 | Noticed an entropy weaver
 29459 | Orc:1    | Entered Level 1 of the Orcish Mines
 29599 | Orc:1    | Found a roughly hewn altar of Beogh.
 29985 | Orc:1    | Noticed Fannar
 30010 | Orc:1    | Killed Fannar
 30130 | Orc:2    | Entered Level 2 of the Orcish Mines
 30169 | Orc:2    | Found a staircase to the Elven Halls.
 30940 | Orc:2    | Found Seddorgh's Distillery.
 31006 | Orc:2    | Reached skill level 10 in Air Magic
 31331 | Orc:2    | Found Petas's Book Shoppe.
 31334 | Orc:2    | Bought a potion of heal wounds for 80 gold pieces
 31334 | Orc:2    | Bought a potion of heal wounds for 80 gold pieces
 31334 | Orc:2    | Bought a potion of curing for 48 gold pieces
 31334 | Orc:2    | Bought a potion of haste for 160 gold pieces
 31334 | Orc:2    | Bought a potion of curing for 48 gold pieces
 31336 | Orc:2    | Found Lufusig's Assorted Antiques.
 31337 | Orc:2    | Found Quwynuwk's Armour Shop.
 31339 | Orc:2    | Bought a Necronomicon for 1545 gold pieces
 31339 | Orc:2    | Bought a book of Summonings for 980 gold pieces
 31433 | Orc:2    | Learned a level 5 spell: Summon Mana Viper
 31606 | Orc:2    | Reached skill level 1 in Hexes
 31713 | Orc:2    | Bought 2 scrolls of identify for 128 gold pieces
 31828 | Orc:2    | Found Nimuad's Distillery.
 32566 | D:12     | Noticed Rupert
 32605 | D:12     | Noticed Jorgrun
 32607 | D:12     | Killed Jorgrun
 32607 | D:12     | Reached skill level 1 in Fighting
 33194 | D:12     | Killed Rupert
 35182 | D:13     | Found Plog's Food Emporium.
 36154 | D:13     | Reached skill level 17 in Spellcasting
 36302 | D:13     | Reached XP level 15. HP: 61/65 MP: 37/37
 36732 | Swamp:1  | Entered Level 1 of the Swamp
 38798 | Spider:2 | Noticed a ghost moth
 38908 | Spider:1 | Killed a ghost moth
 38908 | Spider:1 | Reached skill level 5 in Hexes
 40169 | Spider:3 | Reached skill level 1 in Translocations
 40744 | Spider:3 | Noticed a ghost moth
 40756 | Spider:3 | Killed a ghost moth
 41754 | Spider:4 | Entered Level 4 of the Spider Nest
 43570 | Spider:1 | Identified the +6 dagger "Ydukawke" {speed, rPois MR++}
                  | (You found it on level 1 of the Spider Nest)
 44861 | Spider:4 | Reached skill level 15 in Dodging
 45250 | Spider:4 | Reached XP level 16. HP: 70/70 MP: 16/38
 45487 | Spider:4 | Reached skill level 18 in Spellcasting
 45869 | Spider:4 | Reached skill level 15 in Stealth
 48060 | Spider:4 | Got a gossamer rune of Zot
 48937 | Swamp:1  | Noticed a thorn hunter
 49043 | Swamp:1  | Learned a level 4 spell: Petrify
 49083 | Swamp:1  | Noticed Josephine
 49100 | Swamp:1  | Killed a thorn hunter
 49369 | Swamp:1  | Killed Josephine
 50248 | D:14     | Found a shadowy altar of Dithmenos.
 50431 | D:14     | Noticed Agnes
 50439 | D:14     | Noticed Nessos
 50482 | D:14     | Killed Agnes
 50545 | D:14     | Shot with an arrow by Nessos

Levels and vault maps discovered:
D:1:      mrwooster_arrival_statue, layout_basic
D:2:      layout_basic, minmay_diced_spiral
D:3:      layout_basic, nicolae_overflow_crystal_walls, lemuel_round_altar,
          gammafunk_temple_overflow_forgotten, first_ration, minmay_vboxes
D:4:      layout_basic, temple_green, ebering_ghost_sewer_d, uniq_sigmund,
          uniq_blork_the_orc, uniq_crazy_yiuf_cottage
D:5:      layout_rooms, kennysheep_mini_moat
D:6:      layout_basic, uniq_edmund, uniq_eustachio
D:7:      minmay_the_grid_octo_tiled_squarecenter [minmay_the_grid_octo_clover,
          minmay_the_grid_octo_empty, minmay_the_grid_octo_tetromino_candy,
          minmay_the_grid_octo_teeth,
          minmay_the_grid_square_5x5_megaprize_diamond,
          minmay_the_grid_square_5x5_three, minmay_the_grid_square_5x5_inner_z,
          minmay_the_grid_square_5x5_detours,
          minmay_the_grid_square_5x5_pentomino_r], layout_gridville,
          overflow_temple_1_default, serial_shops, shop, minmay_lizard_king,
          uniq_harold
D:8:      layout_layer_cave, fedhas_altar_decomposition, serial_shops, shop
D:9:      layout_roguey, orc_0_dummy, serial_shops, shop_fountains, uniq_pikel,
          uniq_maurice
D:10:     minmay_smoke_and_mirrors, layout_cave_pools, serial_shops, shop,
          uniq_urug, uniq_sonja, uniq_erolcha
D:11:     layout_roguey, david_lair_generic, uniq_psyche
D:12:     minmay_angry_zag, layout_basic,
          portal_ice_cave_entry_animals_and_master, uniq_rupert, uniq_jorgrun
D:13:     layout_grid_maze, serial_shops, nicolae_shop_crystal, grunt_livestock
D:14:     layout_irregular_city, grunt_vaults_entry_tiered,
          grunt_dithmenos_smoke_and_mirrors, uniq_nessos, uniq_agnes
Temple:   nicolae_temple_great_sept
Lair:1:   layout_long_grid, lemuel_fruit_tree, grunt_megastairs_4
Lair:2:   layout_cave_pods, basic_altar, hangedman_lair_unloving_vines
Lair:3:   layout_misc_corridors, nicolae_spider_entry_tight_spaces,
          gammafunk_ghost_necromancy, serial_forest,
          infiniplex_forest_clump_small, infiniplex_forest_straight_1,
          infiniplex_forest_end_3, infiniplex_forest_straight_2,
          infiniplex_forest_clump_long, infiniplex_forest_lined_corner,
          infiniplex_forest_straight_3, infiniplex_forest_lined_2,
          infiniplex_forest_clump_C, worms_lemuel
Lair:4:   layout_long_grid, minmay_swamp_entry_eels, uniq_snorg
Lair:5:   layout_regular_city, serial_bayou_pond_c, minivault_23
Lair:6:   due_jungle_book, layout_concentric_octagons, slime_altar_1,
          minivault_11, grunt_forest_stairs_basic, lookout_lair_type
Swamp:1:  layout_basic_swamp, hangedman_swamp_ruin_wall, swamp_pool3,
          uniq_josephine
Swamp:2:  layout_basic_swamp, evilmike_swamp_ruin_house_2, uniq_aizul
Spider:1: layout_spider_delve, minmay_another_anthill
Spider:2: layout_spider_delve
Spider:3: layout_spider_delve
Spider:4: grunt_spider_rune_parallel
Orc:1:    layout_caves, special_room [special_room_orc],
          nicolae_orc_damp_corner, uniq_fannar
Orc:2:    st_orc_open, layout_caves, serial_shops, nicolae_shop_waterfront

Skill      XL: |  1  2  3  4  5  6  7  8  9 10 11 12 13 14 15 16 |
---------------+-------------------------------------------------+-----
Stealth        | 2 3 4 5 6 8 9 11 12 13 14 15 | 15.1
Dodging        | 1 2 3 4 5 6 7 9 10 11 12 13 15 | 15.4
Spellcasting   | 6 7 8 10 11 13 14 15 16 17 18 | 18.7
Poison Magic   | 2 |  2.8
Short Blades   | 1 3 5 6 7 8 10 11 12 | 12.5
Air Magic      | 3 4 6 7 8 9 10 11 12 | 12.0
Transmutations | 1 4 6 7 |  7.6
Shields        | 2 4 |  4.0
Evocations     | 1 3 |  3.3
Hexes          | 4 6 7 |  7.8
Fighting       | 1 2 |  2.3
Translocations | 4 |  4.1
Throwing       | |  1.0
Summonings     | |  1.0

Action                   |  1- 3 |  4- 6 |  7- 9 | 10-12 | 13-15 | 16-18 || total
-------------------------+-------+-------+-------+-------+-------+-------++-------
Melee: Dagger            |    62 |    68 |    60 |    83 |       |       ||   273
       Short sword       |       |       |       |   110 |  1057 |   246 ||  1413
Throw: Dart              |    44 |    35 |    40 |    25 |       |       ||   144
 Cast: Magic Dart        |    32 |    12 |     8 |       |       |       ||    52
       Sting             |    27 |   109 |   182 |    64 |    27 |       ||   409
       Call Imp          |     1 |     8 |    14 |    11 |     2 |       ||    36
       Airstrike         |       |       |    33 |   262 |   446 |    63 ||   804
       Mephitic Cloud    |       |       |     1 |       |       |       ||     1
       Summon Lightning  |       |       |       |    24 |   105 |    28 ||   157
       Summon Mana Viper |       |       |       |       |    28 |    22 ||    50
Invok: Call Merchant     |       |       |       |       |     1 |       ||     1
 Abil: Evoke Invisibilit |       |       |       |       |     1 |       ||     1
       Evoke Flight      |       |       |       |       |     1 |       ||     1
Evoke: Wand              |       |       |       |       |     3 |       ||     3
       Lamp of fire      |       |       |       |       |     1 |       ||     1
       Phial of floods   |       |       |       |       |     1 |       ||     1
  Use: Scroll            |     1 |     7 |     9 |    10 |    13 |     5 ||    45
       Potion            |       |       |       |       |     6 |     1 ||     7
 Stab: Sleeping          |     1 |     7 |    10 |     9 |    34 |     3 ||    64
       Confused          |       |       |     1 |       |       |       ||     1
       Distracted        |       |       |       |     1 |    22 |     8 ||    31
  Eat: Ration            |       |     1 |     3 |     8 |    13 |     5 ||    30
Armor: Robe              |    17 |    12 |    13 |    19 |    27 |     6 ||    94
Dodge: Dodged            |    84 |    73 |    94 |   127 |   464 |   132 ||   974
Block: Other             |       |     3 |    29 |    36 |       |       ||    68
       Reflection        |       |       |     2 |       |    29 |    10 ||    41
       Buckler           |       |       |       |    17 |   594 |   158 ||   769

Table legend:
 A = Non-vault XP
 B = Vault XP
 C = Vault XP percentage of total XP
 D = Non-vault monster count
 E = Vault monster count
 F = Vault count percentage of total count
                 A         B        C        D         E       F
            +---------+---------+-------+---------+---------+-------
      Total |  120334 |   65986 |  35.4 |     702 |     214 |  23.4
            +---------+---------+-------+---------+---------+-------
        D:1 |      46 |       0 |   0.0 |      27 |       0 |   0.0
        D:2 |      74 |       5 |   6.3 |      27 |       3 |  10.0
        D:3 |      97 |      50 |  34.0 |      27 |       6 |  18.2
        D:4 |     191 |     657 |  77.5 |       5 |       6 |  54.5
        D:5 |     347 |       0 |   0.0 |      13 |       0 |   0.0
        D:6 |      46 |     367 |  88.9 |       4 |       2 |  33.3
        D:7 |    1379 |    2328 |  62.8 |      33 |      24 |  42.1
        D:8 |    2209 |       0 |   0.0 |      40 |       0 |   0.0
        D:9 |    1909 |    1144 |  37.5 |      26 |       2 |   7.1
       D:10 |    2631 |    8988 |  77.4 |      25 |      12 |  32.4
       D:11 |    2714 |    1027 |  27.5 |      17 |       5 |  22.7
       D:12 |    4035 |    8115 |  66.8 |      33 |      14 |  29.8
       D:13 |    6471 |     586 |   8.3 |      52 |       5 |   8.8
       D:14 |    2574 |    2587 |  50.1 |       9 |       5 |  35.7
     Lair:1 |    1489 |     147 |   9.0 |      10 |       1 |   9.1
     Lair:2 |    3673 |       0 |   0.0 |      17 |       0 |   0.0
     Lair:3 |    3822 |    1418 |  27.1 |      18 |       6 |  25.0
     Lair:4 |    6627 |     216 |   3.2 |      29 |       4 |  12.1
     Lair:5 |    3671 |       0 |   0.0 |      16 |       0 |   0.0
     Lair:6 |   10922 |     905 |   7.7 |      56 |       1 |   1.8
    Swamp:1 |   10078 |    1082 |   9.7 |      26 |       5 |  16.1
    Swamp:2 |     232 |       0 |   0.0 |       2 |       0 |   0.0
   Spider:1 |   10297 |    3979 |  27.9 |      24 |      28 |  53.8
   Spider:2 |   15155 |       0 |   0.0 |      48 |       0 |   0.0
   Spider:3 |   14942 |     675 |   4.3 |      34 |       3 |   8.1
   Spider:4 |    9375 |   18872 |  66.8 |      25 |      46 |  64.8
      Orc:1 |    2687 |    1012 |  27.4 |      21 |       1 |   4.5
      Orc:2 |    2641 |   11826 |  81.7 |      38 |      35 |  47.9
            +---------+---------+-------+---------+---------+-------
